 Dungeon Crawl Stone Soup version 0.20.1-1-g8b1a95d (webtiles) character file.

5123 Nattfarinn the Covert (level 10, -12/59 HPs)
             Began as a Kobold Assassin on Aug 1, 2017.
             Was a Follower of Okawaru.
             Mangled by an orc warrior
             ... wielding a +0 battleaxe
              (27 damage)
             ... on level 9 of the Dungeon.
             The game lasted 00:21:30 (8533 turns).

Nattfarinn the Covert (Kobold Assassin)             Turns: 8533, Time: 00:21:31

Health: -12/59     AC:  7    Str:  9    XL:     10   Next: 88%
Magic:  10/10      EV: 14    Int: 13    God:    Okawaru [*.....]
Gold:   492        SH: 11    Dex: 19    Spells: 9/9 levels left

rFire    + . .     SeeInvis .   v - +11 war axe "Syskecegg" {chop, rF+ rN+}
rCold    . . .     Gourm    .   J - +2 shield
rNeg     + . .     Faith    .   x - +0 troll leather armour {Purgy}
rPois    +         Spirit   .   Q - +0 helmet of Lirer {rPois MR+}
rElec    .         Reflect  .   s - +0 cloak
rCorr    .         Harm     +   t - +0 pair of gloves
MR       +....                  (no boots)
Stlth    ++++++....             N - amulet of harm
Regen    0.6/turn               (no ring)
MPRegen  0.2/turn               (no ring)

@: no status effects
A: carnivore 3
a: Heroism, Renounce Religion


You were on level 9 of the Dungeon.
You worshipped Okawaru.
Okawaru was aware of your devotion.
You were very full.

You visited 2 branches of the dungeon, and saw 10 of its levels.
You also visited: Sewer.

You collected 492 gold pieces.

Inventory:

Hand Weapons
 a - a +2 dagger
 b - a +0 blowgun
 v - the +11 war axe "Syskecegg" (weapon) {chop, rF+ rN+}
   (You found it in a sewer)

   It inflicts extra damage upon your enemies.
   It protects you from fire.
   It protects you from negative energy.
 F - a cursed -2 dagger
 H - a +1 short sword of draining
Missiles
 e - 47 poisoned needles
 f - 2 curare-tipped needles
Armour
 c - a +0 robe
 d - a +0 cloak
 o - a +0 helmet
 s - a +0 cloak (worn)
 t - a +0 pair of gloves (worn)
 x - a +0 troll leather armour (worn) {Purgy}
 y - a +1 hat
 J - a +2 shield (worn)
 K - a +1 robe of cold resistance
 Q - the +0 helmet of Lirer (worn) {rPois MR+}
   (You found it on level 6 of the Dungeon)

   It protects you from poison.
   It affects your resistance to hostile enchantments.
Jewellery
 N - an amulet of harm (around neck)
 R - an uncursed ring of fire {unknown}
 W - an uncursed amulet of the gourmand {unknown}
Wands
 P - a wand of acid (10/15)
 S - a wand of polymorph (5/24)
 T - a wand of disintegration (8/24)
Scrolls
 i - 6 scrolls of identify {unknown}
 k - 2 scrolls of recharging {unknown}
 l - 4 scrolls of enchant weapon {unknown}
 m - 8 scrolls of teleportation {unknown}
 n - 3 scrolls of random uselessness {unknown}
 r - a scroll of blinking {unknown}
 C - a scroll of remove curse {unknown}
 E - 3 scrolls of immolation {unknown}
 G - a scroll of magic mapping {unknown}
 M - a scroll of amnesia {unknown}
Potions
 h - 4 potions of heal wounds {unknown}
 p - a potion of agility {unknown}
 q - a potion of curing
 u - 2 potions of degeneration {unknown}
 w - a potion of lignification {unknown}
 z - 2 potions of flight {unknown}
 A - 2 potions of haste {unknown}
 B - a potion of resistance {unknown}
 D - 3 potions of brilliance {unknown}
 I - a potion of might {unknown}
 L - a potion of invisibility {unknown}
 O - a potion of magic {unknown}
 U - a potion of cancellation {unknown}
Books
 V - a book of Conjurations

   Spells                             Type                      Level
   a - Magic Dart                     Conjuration                  1
   b - Searing Ray                    Conjuration                  2
   c - Dazzling Spray                 Conjuration/Hexes            3
   d - Fulminant Prism                Conjuration/Hexes            4
   e - Force Lance                    Conjuration/Translocation    4
   f - Iskenderun's Mystic Blast      Conjuration                  4
Comestibles
 g - 3 meat rations
 j - 5 royal jellies


   Skills:
 + Level 5.3 Fighting
 - Level 5.1 Short Blades
 + Level 7.8 Axes
 - Level 2.1 Throwing
 - Level 4.2 Dodging
 * Level 13.9 Stealth
 * Level 2.6 Shields


You had 9 spell levels left.
You didn't know any spells.

Dungeon Overview and Level Annotations

Branches:
Dungeon (9/15)             Temple (1/1) D:5            Lair (0/6) D:8
    Orc: D:9-12

Altars:
Ashenzari
Dithmenos
Gozag
Hepliaklqana
Kikubaaqudgha
Makhleb
Okawaru
Ru
Uskayaw
Yredelemnul
The Shining One

Shops:
D:5 [   D:8 [


Innate Abilities, Weirdness & Mutations

You are small and have problems with some larger weapons.
You are carnivorous and can eat meat at any time.


Message History

You block the orc warrior's attack.
You hit the orc warrior.
The orc warrior is almost dead.
You slash the orc!
You kill the orc!
Okawaru accepts your kill.
You hit the orc priest. The orc priest misses you.
You block the orc warrior's attack. The orc wizard barely misses you.
The orc warrior misses you.
You closely miss the orc warrior.
The orc warrior is almost dead.
You hit the orc wizard. You slash the orc priest!
You kill the orc priest!
Okawaru accepts your kill. The orc wizard hits you with a dagger.
The orc warrior hits you from afar with a trident!
* * * LOW HITPOINT WARNING * * *
You block the orc wizard's attack.
The orc warrior hits you with a battleaxe!!
You die...

.....# #.##.#.##.# .. #
..#..######.##.#.##.# .#.#
#.#..##[...÷...#.#[[# #.#.#
........###.####.#.#####....#
. #.#..#### #.#
#.....##..c..#.#
#.#..######.#
#[....#.........
#.#.........# #..............
#.###<..##.#####)o...#....###
.....###.#.#....@oo.......#
#.#.## ##....†...)o..(....#
#...# #....#####.####(#.#
###.## ##.#### #.# #<...#
##.###.## #.##.........
#####...## #.##..........
.......## .##.....#####
######## .....## #######


You could see 2 orc warriors, an orc priest and an orc wizard.

Vanquished Creatures
  A two-headed ogre (D:9)
  Grinder (D:3)
  A hippogriff (D:7)
  Menkaure (D:4)
  Edmund (D:4)
  2 ice beasts
  3 orc warriors
  5 sky beasts
  Purgy (Sewer)
  7 ogres
  Blork the orc (D:5)
  6 bullfrogs
  4 scorpions
  3 howler monkeys
  9 wights
  A centaur zombie (D:9)
  2 crimson imps
  A bullfrog zombie (D:7)
  Crazy Yiuf (D:2)
  5 orc priests
  A hound (D:8)
  2 jellies
  Jessica (D:2)
  2 centaur skeletons
  3 iguanas
  Natasha (thrice) (D:3)
  A worker ant (D:5)
  8 orc wizards
  Robin (D:1)
  A howler monkey skeleton (D:6)
  7 gnolls (D:3)
  2 river rats (D:3)
  3 adders
  2 shadow imps
  2 worms
  An adder zombie (D:5)
  6 dart slugs
  4 leopard geckos
  31 orcs
  7 giant cockroaches
  14 goblins
  10 hobgoblins
  6 jackals
  A quokka (D:3)
  4 ball pythons
  13 bats
  4 frilled lizards
  6 kobolds
  9 rats
211 creatures vanquished.

Notes
Turn   | Place    | Note
-------+----------+-------------------------------------------
     0 | D:1      | Nattfarinn the Kobold Assassin began the quest for the Orb.
     0 | D:1      | Reached XP level 1. HP: 12/12 MP: 1/1
   104 | D:1      | Reached XP level 2. HP: 5/17 MP: 2/2
   455 | D:1      | Reached skill level 6 in Stealth
   643 | D:1      | Reached XP level 3. HP: 20/21 MP: 3/3
  1141 | D:2      | Noticed Robin
  1172 | D:1      | Killed Robin
  1172 | D:1      | Reached XP level 4. HP: 9/26 MP: 4/4
  1700 | D:2      | Noticed Jessica
  1702 | D:2      | Killed Jessica
  1702 | D:2      | Reached skill level 7 in Stealth
  1777 | D:2      | Reached XP level 5. HP: 11/31 MP: 5/5
  2003 | D:2      | Found a runed door.
  2473 | D:2      | Noticed Crazy Yiuf
  2482 | D:2      | Killed Crazy Yiuf
  2553 | D:3      | Found a glowing drain.
  2602 | Sewer    | Entered a sewer
  2859 | Sewer    | Got a faintly glowing war axe
  2860 | Sewer    | Identified the +11 war axe "Syskecegg" {chop, rF+ rN+} (You found it in a sewer)
  2869 | Sewer    | Noticed Purgy
  2877 | Sewer    | Killed Purgy
  2877 | Sewer    | Reached skill level 5 in Short Blades
  2877 | Sewer    | Reached XP level 6. HP: 7/36 MP: 6/6
  3134 | D:3      | Found an opulent altar of Gozag.
  3376 | D:3      | Noticed Grinder
  3382 | D:3      | Killed Grinder
  3382 | D:3      | Reached skill level 8 in Stealth
  3382 | D:3      | Reached XP level 7. HP: 40/41 MP: 7/7
  3498 | D:3      | Noticed Natasha
  3512 | D:3      | Killed Natasha
  3618 | D:3      | Noticed Natasha
  3622 | D:3      | Killed Natasha
  3654 | D:3      | Noticed Natasha
  3662 | D:3      | Killed Natasha
  3941 | D:4      | Noticed Menkaure
  3948 | D:4      | Killed Menkaure
  3948 | D:4      | Reached skill level 9 in Stealth
  3948 | D:4      | Reached XP level 8. HP: 28/46 MP: 8/8
  4255 | D:4      | Noticed Edmund
  4376 | D:4      | Reached skill level 10 in Stealth
  4412 | D:4      | Killed Edmund
  5069 | D:5      | Entered Level 5 of the Dungeon
  5084 | D:5      | Reached XP level 9. HP: 52/52 MP: 9/9
  5095 | D:5      | Found a sacrificial altar of Ru.
  5146 | D:5      | Reached skill level 5 in Axes
  5178 | D:5      | Noticed Blork the orc
  5183 | D:5      | Killed Blork the orc
  5248 | D:5      | Found a staircase to the Ecumenical Temple.
  5251 | D:5      | Reached skill level 11 in Stealth
  5282 | D:5      | Found Yjitt's Armour Emporium.
  5826 | D:5      | Found a burning altar of Makhleb.
  5930 | D:6      | Got a faintly glowing helmet
  5941 | D:6      | Identified the +0 helmet of Lirer {rPois MR+} (You found it on level 6 of the Dungeon)
  6433 | D:6      | Found a glowing golden altar of the Shining One.
  6442 | D:6      | Found an ancient bone altar of Kikubaaqudgha.
  6461 | D:6      | Reached skill level 12 in Stealth
  6464 | D:6      | Reached skill level 1 in Shields
  6730 | D:7      | Reached XP level 10. HP: 33/58 MP: 10/10
  7376 | D:8      | Reached skill level 5 in Fighting
  7417 | D:8      | Found a staircase to the Lair.
  7493 | D:8      | Reached skill level 13 in Stealth
  7608 | Temple   | Entered the Ecumenical Temple
  7614 | Temple   | Became a worshipper of Warmaster Okawaru
  7744 | D:8      | Found Ziehugin's Antique Armour Boutique.
  8393 | D:9      | Reached * piety under Okawaru
  8396 | D:9      | Noticed a two-headed ogre
  8526 | D:9      | Killed a two-headed ogre
  8533 | D:9      | Mangled by an orc warrior

Skill      XL: |  1  2  3  4  5  6  7  8  9 10 |
---------------+-------------------------------+-----
Stealth        | 6 7 8 9 10 12 13 | 13.9
Short Blades   | 3 5 |  5.1
Dodging        | 2 3 4 |  4.2
Fighting       | 3 4 5 |  5.3
Axes           | 2 3 4 6 7 |  7.8
Shields        | 1 2 |  2.6
Throwing       | |  2.1

Action                   |  1- 3 |  4- 6 |  7- 9 | 10-12 || total
-------------------------+-------+-------+-------+-------++-------
Melee: Dagger            |   108 |   133 |       |       ||   241
       War axe           |       |    47 |   148 |    72 ||   267
 Fire: Blowgun           |     1 |     3 |       |       ||     4
  Use: Potion            |       |     1 |       |       ||     1
 Stab: Sleeping          |     6 |     9 |    20 |    11 ||    46
       Distracted        |       |       |     3 |       ||     3
       Paralysed         |       |       |     2 |       ||     2
  Eat: Chunk             |     5 |    11 |     5 |    11 ||    32
Armor: Robe              |    20 |    46 |       |       ||    66
       Troll leather arm |       |     9 |    31 |     9 ||    49
Dodge: Dodged            |    69 |   233 |    69 |    36 ||   407
Block: Shield            |       |       |    15 |    34 ||    49
